 Dungeon Crawl Stone Soup version 0.19-a0-1170-g18f0c96 (webtiles) character file.

60 JustSomeDude the Skirmisher (level 3, 0/29 HPs)
             Began as a Demonspawn Fighter on Aug 17, 2016.
             Succumbed to an adder's poison
             ... on level 2 of the Dungeon.
             The game lasted 00:02:02 (1366 turns).

JustSomeDude the Skirmisher (Demonspawn Fighter)    Turns: 1366, Time: 00:02:04

Health: 0/29       AC:  8    Str: 17    XL:     3   Next: 82%
Magic:  3/3        EV: 12    Int: 14    God:
Gold:   137        SH:  9    Dex: 17    Spells: 0 memorised, 2 levels left

rFire  . . .     SeeInvis .     a - +0 trident
rCold  + . .     Gourm    .     b - +0 scale mail
rNeg   . . .     Faith    .     c - +0 shield
rPois  .         Spirit   .     (helmet restricted)
rElec  .         Dismiss  .     (no cloak)
rCorr  .         Reflect  .     (no gloves)
MR     .....     Harm     .     (no boots)
Stlth  +.........               (no amulet)
                                (no ring)
                                (no ring)

@: brilliant, agile, lethally poisoned (0 -> -13)
A: antennae 2, yellow scales 1, cold resistance 1
a: no special abilities


You were on level 2 of the Dungeon.
You were not hungry.

You visited 1 branch of the dungeon, and saw 2 of its levels.

You collected 137 gold pieces.

Inventory:

Hand Weapons
 a - a +0 trident (weapon)
Armour
 b - a +0 scale mail (worn)
 c - a +0 shield (worn)
Jewellery
 d - an uncursed ring of see invisible {unknown}
Scrolls
 e - a scroll of enchant weapon {unknown}
 i - a scroll of enchant armour {unknown}
 k - 5 scrolls of identify {unknown}
Comestibles
 f - 2 bread rations
 j - a beef jerky
 m - a meat ration


   Skills:
 + Level 3.3 Fighting
 + Level 2.0 Polearms
 + Level 3.0 Armour
 + Level 1.1 Dodging
 + Level 3.3 Shields


You had 2 spell levels left.
You didn't know any spells.

Dungeon Overview and Level Annotations

Branches:
Dungeon (2/15)

Altars:


Innate Abilities, Weirdness & Mutations

You have a pair of antennae on your head.
You are partially covered in yellow scales. (AC +2)
Your flesh is cold resistant. (rC+)


Message History

It was a potion of mutation.
You feel extremely strange.
The antennae on your head grow some more.
You feel resistant to cold.
* * * LOW HITPOINT WARNING * * *
You feel sick. The adder barely misses you. You block the adder's attack.
You are too injured to fight recklessly!
You closely miss the adder.
The adder is severely wounded.
You block the adder's attack. The adder misses you.
The adder bites you but does no damage. The adder bites you.
* * * LOW HITPOINT WARNING * * *
You are more poisoned.
The adder poisons you!
You puncture the adder!
You kill the adder!
* * * LOW HITPOINT WARNING * * *
You feel sick. The adder bites you but does no damage.
You block the giant gecko's attack.
Your shield and scale mail prevent you from hitting the giant gecko.
You die...

#.#.. #.# ....( ......
..##.# . >....# ...
.....## #....
).....############...#
#.........##..Kl@S.#
#.##.........g######
..##.###.......g.######
..#......#####.........
.....##### #.........
.##.## #......... ....#
#......... ..###
#......... ..#
#.........


You could see an adder, a giant gecko, a hobgoblin and a kobold.

Vanquished Creatures
  2 adders (D:2)
  3 dart slugs
  A giant gecko (D:2)
  2 giant cockroaches (D:1)
  4 goblins
  5 hobgoblins
  5 jackals
  A quokka (D:2)
  2 bats (D:1)
  2 giant newts (D:1)
  3 kobolds (D:1)
  4 rats
34 creatures vanquished.

Notes
Turn   | Place    | Note
-------+----------+-------------------------------------------
     0 | D:1      | JustSomeDude the Demonspawn Fighter began the quest for the Orb.
     0 | D:1      | Reached XP level 1. HP: 18/18 MP: 1/1
   241 | D:1      | Gained mutation: You are partially covered in yellow scales. (AC +2) [demonic ancestry]
   241 | D:1      | Reached XP level 2. HP: 24/24 MP: 2/2
  1047 | D:2      | Gained mutation: You have a pair of small antennae on your head. [demonic ancestry]
  1047 | D:2      | Reached XP level 3. HP: 25/29 MP: 3/3
  1107 | D:2      | HP: 1/29 [poisoned by an adder]
  1113 | D:2      | Reached skill level 1 in Dodging
  1363 | D:2      | Gained mutation: You have a pair of antennae on your head. [potion of mutation]
  1363 | D:2      | Gained mutation: Your flesh is cold resistant. (rC+) [potion of mutation]
  1365 | D:2      | HP: 1/29 [poisoned by an adder]
  1366 | D:2      | Succumbed to an adder's poison

Vault maps used:
D:1:      erik_arrival_triangle_huge, hangedman_feature_mirror,
          minmay_heptomino_o4
D:2:      nicolae_overflow_hidden_temple

Skill      XL: |  1  2  3 |
---------------+----------+-----
Shields        | 3 |  3.3
Armour         | 3 |  3.0
Polearms       | 2 |  2.0
Dodging        | 1 |  1.1
Fighting       | |  3.3

Action                   || total
-------------------------++-------
Melee: Trident           ||   143
  Use: Potion            ||     6
  Eat: Chunk             ||     2
Armor: Scale mail        ||   114
Dodge: Dodged            ||    55
Block: Shield            ||    99
